 Dungeon Crawl Stone Soup version 0.31-a0-232-gb1c03b2570 (webtiles) character file.

Game seed: 12625509065999290795

408 qw the Shooter (level 6, -2/37 HPs)
             Began as a Gargoyle Hexslinger on July 7, 2023.
             Slain by Duvessa
             ... wielding a +0 short sword
              (4 damage)
             ... on level 4 of the Dungeon.
             The game lasted 00:01:19 (2653 turns).

qw the Shooter (Gargoyle Hexslinger)                Turns: 2653, Time: 00:01:20

Health: -2/37      AC: 17    Str: 17    XL:     6   Next: 88%
Magic:  7/7        EV: 11    Int: 14    God:
Gold:   159        SH:  0    Dex: 14    Spells: 6/7 levels left

rFire   + . .        k - +0 shortbow
rCold   . . .        (shield currently unavailable)
rNeg    + . .        e - +7 ring mail of Starshine {+Blink rPois rF+ Will- Stlth+}
rPois   inf          a - +0 helmet
rElec   +            (no cloak)
rCorr   .            (no gloves)
SInv    .            (no boots)
Will    .....        (no amulet)
Stlth   ++           h - +6 ring of strength
HPRegen 0.26/turn    (no ring)
MPRegen 0.10/turn

%: no passive effects
@: no status effects
A: sickness immunity, AC +4, negative energy resistance 1, electricity
resistance, torment resistance 1, petrification resistance
a: Evoke Blink


You were on level 4 of the Dungeon.
You visited 1 branch of the dungeon, and saw 4 of its levels.

You collected 159 gold pieces.


Innate Abilities, Weirdness & Mutations

You are immune to sickness and miasma.
Your stone body is resilient. (AC +4)
You are immune to poison.
You resist negative energy. (rN+)
You are resistant to electric shocks. (rElec)
You are resistant to unholy torment.
You are immune to petrification.


   Skills:
 + Level 3.3 Fighting
 - Level 6.2 Ranged Weapons
 - Level 1.4 Armour
 - Level 1.5 Dodging
 - Level 1.0 Spellcasting
 - Level 2.6 Hexes


You had 6 spell levels left.
You knew the following spells:

 Your Spells              Type           Power      Damage    Failure   Level
a - Slow                  Hex            32%        N/A       16%         1

Your spell library contained the following spells:

 Spells                   Type           Power      Damage    Failure   Level
 Inner Flame              Hex/Fire       4%         N/A       63%         3
 Portal Projectile        Hex/Tloc       8%         N/A       63%         3
 Cause Fear               Hex            4%         N/A       83%         4

Inventory:

Hand Weapons
 k - a +0 shortbow (weapon)
Armour
 a - a +0 helmet (worn)
 e - the +7 ring mail of Starshine (worn) {+Blink rPois rF+ Will- Stlth+}
   (You found it on level 3 of the Dungeon)

   rF:        It protects you from fire.
   rPois:     It protects you from poison.
   +Blink:    It lets you blink.
   Will:      It decreases your willpower.
   Stlth:     It makes you more stealthy.
Jewellery
 h - a +6 ring of strength (left hand)
Scrolls
 c - a scroll of revelation {unknown}
 f - 4 scrolls of identify
Potions
 b - a potion of cancellation {unknown}
 d - a potion of degeneration {unknown}
 g - a potion of invisibility {unknown}
 i - a potion of brilliance {unknown}
 j - a potion of experience {unknown}
 l - a potion of might {unknown}

Dungeon Overview and Level Annotations

Branches:
Dungeon (4/15)
 Temple: D:4-7

Altars:

Annotations:
D:4 Dowan, Duvessa


Message History

Duvessa hits you with a +0 short sword. Dowan closely misses you.
You shoot an arrow. The arrow barely misses Duvessa.
Duvessa hits you but does no damage. Duvessa hits you with a +0 short sword.
Dowan casts a spell at you. The puff of frost hits you!
You shoot an arrow. The arrow hits Duvessa.
Duvessa is moderately wounded.
Duvessa hits you but does no damage. Dowan barely misses you.
Duvessa says, "My weaknesses are his strengths!"
Duvessa misses you.
You shoot an arrow. The arrow closely misses Duvessa.
Duvessa hits you but does no damage. Dowan closely misses you.
You shoot an arrow. The arrow hits Duvessa.
Duvessa is moderately wounded.
Duvessa gestures with her weapon.
Duvessa hits you but does no damage. Dowan closely misses you.
Duvessa hits you but does no damage.
You shoot an arrow. The arrow hits Duvessa.
Duvessa is heavily wounded.
Duvessa hits you but does no damage. Dowan hits you with a +0 dagger.
Duvessa hits you with a +0 short sword. Dowan hits you but does no damage.
You shoot an arrow. The arrow hits Duvessa!
Duvessa is severely wounded.
Duvessa closely misses you. Dowan misses you.
Duvessa hits you with a +0 short sword.
You shoot an arrow. The arrow completely misses Duvessa.
Duvessa hits you but does no damage.
Dowan says, "Stay away from my face!"
Dowan casts a spell.
Dowan blinks!
Duvessa barely misses you.
You shoot an arrow. The arrow barely misses Duvessa.
Duvessa barely misses you. Dowan casts a spell at you.
The puff of frost hits you!
You shoot an arrow. The arrow closely misses Duvessa.
Duvessa hits you but does no damage. Duvessa closely misses you.
You shoot an arrow. The arrow hits Duvessa.
Duvessa is almost dead.
Duvessa hits you with a +0 short sword.
You die...

#..# ##...# ####..#
#..#. .#
......#####.... .#
#####...)##.#.# .#
########.##.#.# .#
.....(.>))..#.## .#
########.###.^.##.#
# #.##.....#.#
#........@e#
#..#.....###
#.)##...##
.......e##
###..##### .


You could see Duvessa (fast) and Dowan.

Vanquished Creatures
  Sigmund (D:3)
  Natasha (D:3)
  2 orc wizards (D:4)
  Terence (D:3)
  3 gnolls (D:3)
  2 adders (D:2)
  4 worms (D:2)
  3 dart slugs
  4 orcs
  6 endoplasms
  3 giant cockroaches
  8 goblins
  8 hobgoblins
  3 jackals (D:1)
  5 quokkas
  5 ball pythons
  10 bats
  6 frilled lizards
  6 kobolds
  7 rats
  A spectral goblin (D:2)
89 creatures vanquished.

Notes
Turn   | Place    | Note
-------+----------+-------------------------------------------
     0 | D:1      | qw the Gargoyle Hexslinger began the quest for the Orb.
     0 | D:1      | Reached XP level 1. HP: 12/12 MP: 2/2
     0 | D:1      | 0 ||| qw: Version: 0.3-a-46-gb1f654a
     0 | D:1      | 0 ||| qw: Game counter: 2796
     0 | D:1      | 0 ||| qw: Melee chars always use a shield: true
     0 | D:1      | 0 ||| qw: God list: Okawaru
     0 | D:1      | 0 ||| qw: Allow faded altars: false
     0 | D:1      | 0 ||| qw: Do Orc after clearing Dungeon:15 true
     0 | D:1      | 0 ||| qw: Do second Lair branch before Depths: true
     0 | D:1      | 0 ||| qw: Lair rune preference: random
     0 | D:1      | 0 ||| qw: Goals: Normal
     0 | D:1      | 0 ||| PLANNING D:1-11
    27 | D:1      | Reached XP level 2. HP: 13/16 MP: 3/3
    88 | D:1      | Reached skill level 3 in Ranged Weapons
   444 | D:1      | Reached XP level 3. HP: 20/21 MP: 4/4
  1069 | D:1      | 1069 ||| UPGRADING to +0 leather armour.
  1079 | D:1      | 1079 ||| DROPPING +0 robe.
  1080 | D:1      | 1080 ||| UPGRADING to +6 ring of strength.
  1081 | D:1      | 1081 ||| READING scroll labelled TEASYAMPAZ.
  1082 | D:1      | 1082 ||| READING 2 scrolls labelled TAINYI IRIBROR.
  1083 | D:1      | 1083 ||| READING scroll labelled IGETESSE LUEBB.
  1084 | D:1      | 1084 ||| READING scroll labelled WOWNEA OGIFEST.
  1085 | D:1      | 1085 ||| READING scroll labelled WIACEJU SAKOAH.
  1086 | D:1      | 1086 ||| DROPPING scroll of poison.
  1478 | D:2      | Found a faded altar of an unknown god.
  1526 | D:2      | Reached XP level 4. HP: 26/26 MP: 5/5
  1556 | D:2      | Reached skill level 4 in Ranged Weapons
  1627 | D:2      | 1627 ||| UPGRADING to +0 helmet.
  1632 | D:2      | 1632 ||| DRINKING 3 orange potions.
  1778 | D:3      | Noticed Terence
  1795 | D:3      | HP: 5/26 [kobold/+0 short sword (3)]
  1802 | D:3      | Killed Terence
  1803 | D:3      | Reached XP level 5. HP: 6/30 MP: 6/6
  1980 | D:3      | Identified the +7 ring mail of Starshine {+Blink rPois rF+
                  | Will- Stlth+}
  1997 | D:3      | Noticed Sigmund
  2010 | D:3      | Killed Sigmund
  2011 | D:3      | Reached skill level 6 in Ranged Weapons
  2011 | D:3      | Reached XP level 6. HP: 29/35 MP: 7/7
  2100 | D:3      | 2100 ||| SWAPPING to +2 sling of freezing.
  2101 | D:3      | 2101 ||| DROPPING +2 sling.
  2160 | D:3      | Noticed Natasha
  2161 | D:3      | 2161 ||| Stepping ~*~*~tactically~*~*~ (outnumbered).
  2177 | D:3      | Killed Natasha
  2392 | D:3      | 2392 ||| FLEEEEING.
  2394 | D:3      | 2394 ||| FLEEEEING.
  2396 | D:3      | 2396 ||| FLEEEEING.
  2397 | D:3      | 2397 ||| FLEEEEING.
  2398 | D:3      | 2398 ||| FLEEEEING.
  2401 | D:3      | 2401 ||| FLEEEEING.
  2402 | D:3      | 2402 ||| FLEEEEING.
  2403 | D:3      | 2403 ||| FLEEEEING.
  2409 | D:3      | Reached skill level 3 in Fighting
  2443 | D:3      | 2443 ||| UPGRADING to +0 ring mail.
  2453 | D:3      | 2453 ||| UPGRADING to +7 ring mail of Starshine {+Blink
                  | rPois rF+ Will- Stlth+}.
  2463 | D:3      | 2463 ||| DROPPING +0 ring mail.
  2464 | D:3      | 2464 ||| DROPPING +0 leather armour.
  2465 | D:3      | 2465 ||| READING scroll labelled NOJEAV WIQAA.
  2538 | D:4      | 2538 ||| SWAPPING to +0 shortbow.
  2539 | D:4      | 2539 ||| DROPPING +2 sling of freezing.
  2558 | D:4      | 2558 ||| DRINKING 2 potions of curing.
  2558 | D:4      | 2558 ||| (to cure confusion)
  2560 | D:4      | 2560 ||| DRINKING potion of curing.
  2560 | D:4      | 2560 ||| (to cure confusion)
  2569 | D:4      | Reached skill level 1 in Armour
  2635 | D:4      | Noticed Duvessa
  2635 | D:4      | Noticed Dowan
  2649 | D:4      | HP: 9/37 [Duvessa/+0 short sword (4)]
  2651 | D:4      | HP: 1/37 [Dowan/puff of frost (8)]
  2653 | D:4      | Slain by Duvessa

Levels and vault maps discovered:
D:1:      dpeg_arrival_simpleton_b, layout_basic
D:2:      layout_rooms, dreamdust_ecumenical_altar_drowned_temple,
          minmay_pentomino_u2
D:3:      layout_loops_ring, uniq_terence, uniq_sigmund, uniq_natasha
D:4:      layout_loops_ring, uniq_pikel, uniq_eustachio, uniq_duvessa

Skill      XL: |  1  2  3  4  5  6 |
---------------+-------------------+-----
Ranged Weapons | 3 4 6 |  6.2
Fighting       | 2 3 |  3.3
Armour         | 1 |  1.4
Dodging        | |  1.5
Spellcasting   | |  1.0
Hexes          | |  2.6

Action                     |  1- 3 |  4- 6 || total
---------------------------+-------+-------++-------
   Fire: Sling             |   144 |   147 ||   291
         Shortbow          |       |    70 ||    70
    Use: Scroll            |     5 |     1 ||     6
         Potion            |       |     3 ||     3
 Armour: Robe              |     8 |       ||     8
         Leather armour    |     5 |    35 ||    40
         Ring mail         |       |    61 ||    61
  Dodge: Dodged            |    32 |    80 ||   112

Table legend:
 A = Non-vault XP
 B = Vault XP
 C = Vault XP percentage of total XP
 D = Non-vault monster count
 E = Vault monster count
 F = Vault count percentage of total count
                 A         B        C        D         E       F
            +---------+---------+-------+---------+---------+-------
      Total |     289 |     294 |  50.4 |      84 |       5 |   5.6
            +---------+---------+-------+---------+---------+-------
        D:1 |      52 |       0 |   0.0 |      28 |       0 |   0.0
        D:2 |      67 |       3 |   4.3 |      20 |       2 |   9.1
        D:3 |      80 |     291 |  78.4 |      26 |       3 |  10.3
        D:4 |      90 |       0 |   0.0 |      10 |       0 |   0.0
            +---------+---------+-------+---------+---------+-------
